 Dungeon Crawl Stone Soup version 0.29.1-15-g9cfb28693d (webtiles) character file.

Game seed: 15972742453624625482

11 QwertyIsDirtey the Trooper (level 2, 0/27 HPs)
             Began as a Minotaur Berserker on Mar 24, 2023.
             Was a Follower of Trog.
             Slain by a hobgoblin (4 damage)
             ... on level 1 of the Dungeon.
             The game lasted 00:01:35 (386 turns).

QwertyIsDirtey the Trooper (Minotaur Berserker)      Turns: 386, Time: 00:01:36

Health: 0/27       AC:  2    Str: 21    XL:     2   Next: 17%
Magic:  1/1        EV: 12    Int:  4    God:    Trog [*.....]
Gold:   47         SH:  0    Dex:  9    Spells: 1/1 levels left

rFire   . . .      SeeInvis .   a - +0 spear
rCold   . . .      Faith    .   (no shield)
rNeg    . . .      Spirit   .   b - +0 animal skin
rPois   .          Reflect  .   (helmet restricted)
rElec   .          Harm     .   (no cloak)
rCorr   .          Rampage  .   (no gloves)
Will    .....                   (no boots)
Stlth   +.........              (no amulet)
HPRegen 0.09/turn               (no ring)
MPRegen 0.07/turn               (no ring)

@: no status effects
A: horns 2, retaliatory headbutt
a: Renounce Religion, Berserk


You were on level 1 of the Dungeon.
You worshipped Trog.
Trog was aware of your devotion.
You visited 1 branch of the dungeon, and saw 1 of its levels.

You collected 47 gold pieces.

Inventory:

Hand Weapons
 a - a +0 spear (weapon)
Missiles
 f - 4 javelins (quivered)
Armour
 b - a +0 animal skin (worn)
Scrolls
 d - a scroll of blinking {unknown}
Potions
 c - a potion of berserk rage {unknown}
 e - a potion of attraction {unknown}


   Skills:
 + Level 3.9 Fighting
 + Level 3.9 Polearms
 + Level 2.5 Armour
 + Level 2.5 Dodging


You had one spell level left.
You didn't know any spells.
Your spell library was empty.

Dungeon Overview and Level Annotations

Branches:
Dungeon (1/15)

Altars:


Innate Abilities, Weirdness & Mutations

You have a pair of horns on your head.
You reflexively headbutt those who attack you in melee.


Message History

Trog accepts your kill.
You see here a bat corpse.
You now have 47 gold pieces (gained 14).
A kobold comes into view. It is wielding a +0 dagger.
The kobold shouts!
The kobold moves out of view.
The kobold closely misses you. You furiously retaliate!
You headbutt the kobold.
You kill the kobold!
Trog accepts your kill.
You see here a +0 dagger.
Found 4 javelins.
e - a bubbling puce potion You see here 4 javelins.
f - 4 javelins
Found a hand axe.
A hobgoblin comes into view.
A goblin comes into view. It is wielding a +0 club.
The goblin shouts!
You hit the hobgoblin. Your headbutt misses the hobgoblin.
The hobgoblin is moderately wounded.
The hobgoblin hits you.
* * * LOW HITPOINT WARNING * * *
You hit the hobgoblin but do no damage.
The hobgoblin is moderately wounded.
The hobgoblin closely misses you.
You hit the hobgoblin but do no damage.
The hobgoblin is moderately wounded.
You hit the hobgoblin but do no damage.
The hobgoblin is moderately wounded.
The goblin closely misses you. You furiously retaliate!
You headbutt the goblin!
You kill the goblin!
Trog accepts your kill. The hobgoblin hits you.
* * * LOW HITPOINT WARNING * * *
You barely miss the hobgoblin.
The hobgoblin is moderately wounded.
The hobgoblin hits you.
You die...

.###.........###.....
................####
#..........##†.....
#..........##..####
######..........##..#
#.....................
#.###................##.
#..............#....
#).@..#.........##..
#..g).#...#....## #.
###...###.####... .
.....# #... ... #.
##...# .... .. .. .....
#. #...#. .. #...#.. .#


You could see a hobgoblin.

Vanquished Creatures
  2 bats (D:1)
  3 ball pythons (D:1)
  3 goblins (D:1)
  3 kobolds (D:1)
  2 rats (D:1)
13 creatures vanquished.

Notes
Turn   | Place    | Note
-------+----------+-------------------------------------------
     0 | D:1      | QwertyIsDirtey the Minotaur Berserker began the quest for
                  | the Orb.
     0 | D:1      | Reached XP level 1. HP: 19/19 MP: 0/0
   307 | D:1      | Reached XP level 2. HP: 8/27 MP: 1/1
   386 | D:1      | Slain by a hobgoblin

Illustrated notes

Levels and vault maps discovered:
D:1:      ncdulo_halloftheorcs, layout_basic, chequers_jeans,
          serial_park_tiny_pond, chequers_serial_rivers_room_a

Action                   || total
-------------------------++-------
Melee: Spear             ||    19
       Headbutt          ||     3
Armor: Animal skin       ||    27
Dodge: Dodged            ||    51
